AoeStats
← RHT.patriotaSJ

Arena

509794456Analyzed
4v4 RM · 4d ago on Sep 28, 2026· 62m 32s· 8 players
Game mode
Random Map
Map size
Large (8 player)
Population
200
Speed
Normal
Resources
Standard
Victory
Conquest
Starting age
Dark Age
Ending age
Imperial Age
RankedLock teamsTeams togetherTeam positionsShared explorationLock speedFull tech treeHidden civsTurbo modeCheats
Victory
Defeat
1049
+14
🇹🇼 Franks · Taiwan
1020
+15
🇮🇹 Spanish · Italy
998
+16
🇹🇼 Ethiopians · Taiwan
877
+21
🇦🇷 Bohemians · Argentina
1078
-20
🇦🇷 Burgundians · Argentina
980
-16
🇦🇷 Portuguese · Argentina
977
-16
🇦🇷 Persians · Argentina
943
-14
Fred Jama
1:35 Loom
12:25 Feudal Age
17:04 Castle Age
15:33 Stone Mining
16:06 Double-Bit Axe
17:03 Gold Mining
24:03 Fletching
25:04 Bow Saw
27:58 Wheelbarrow
29:29 Town Watch
31:36 Caravan
35:45 Imperial Age
36:58 Pikeman
37:38 Squires
37:24 Arson
37:36 Bodkin Arrow
37:41 Padded Archer Armor
37:42 Scale Mail Armor
37:56 Forging
38:15 Halberdier
39:25 Capped Ram
41:15 Siege Ram
43:45 Two-Man Saw
43:01 Hand Cart
42:48 Town Patrol
43:22 Fortified Wall
44:14 Chemistry
44:23 Chemistry
43:53 Ballistics
45:17 Leather Archer Armor
45:03 Bracer
45:24 Chain Mail Armor
45:45 Iron Casting
46:20 Murder Holes
46:16 Guard Tower
47:27 Conscription
60:09 Horse Collar
62:30 Elite Conquistador
Supreme Leader Donald J. Trump
11:27 Feudal Age
15:34 Castle Age
13:31 Double-Bit Axe
13:26 Horse Collar
13:37 Gold Mining
15:01 Stone Mining
17:11 Bow Saw
18:00 Heavy Plow
20:14 Gold Shaft Mining
22:10 Wheelbarrow
21:24 Loom
21:24 Town Watch
24:18 Gold Shaft Mining
24:19 Stone Shaft Mining
27:08 Forging
29:37 Imperial Age
27:23 Hand Cart
27:11 Town Patrol
27:39 Scale Mail Armor
28:52 Iron Casting
29:47 Squires
29:32 Arson
30:03 Chain Mail Armor
29:50 Onager
31:31 Chemistry
30:06 Elite Varangian Guard
31:48 Blast Furnace
31:19 Plate Mail Armor
30:41 Capped Ram
31:19 Onager
32:23 Siege Ram
34:20 Pikeman
35:31 Northmen's Fury
36:32 Conscription
35:34 Halberdier
35:47 Siege Onager
36:05 Hamask
37:42 Fletching
43:52 Bodkin Arrow
43:57 Padded Archer Armor
44:10 Masonry
44:06 Siege Engineers
44:41 Hoardings
44:17 Masonry
48:23 Man-at-Arms
48:49 Gambesons
49:05 Bracer
49:21 Leather Archer Armor
54:24 Long Swordsman
60:50 Spies/Treason
alin
11:11 Feudal Age
16:02 Castle Age
14:49 Double-Bit Axe
14:49 Horse Collar
18:32 Fletching
19:13 Padded Archer Armor
28:56 Bodkin Arrow
29:18 Leather Archer Armor
28:59 Crossbowman
31:53 Wheelbarrow
31:05 Loom
35:17 Bow Saw
39:16 Thumb Ring
44:23 Ballistics
48:04 Fortified Wall
51:34 Imperial Age
49:23 Hand Cart
50:10 Gold Mining
50:11 Stone Mining
51:51 Town Watch
52:18 Bracer
52:48 Ring Archer Armor
55:04 Arbalester
58:05 Chemistry
57:30 Masonry
57:27 Siege Engineers
58:58 Two-Man Saw
逍遙
11:07 Feudal Age
16:14 Castle Age
15:45 Scale Barding Armor
38:53 Pikeman
42:46 Squires
47:51 Imperial Age
48:15 Forging
48:24 Cavalier
49:42 Gold Mining
52:21 Conscription
57:51 Chain Barding Armor
58:10 Iron Casting
59:05 Paladin
RHT.H1r4m ∴
12:15 Feudal Age
17:16 Castle Age
16:35 Horse Collar
16:42 Double-Bit Axe
17:59 Husbandry
18:11 Loom
18:33 Gold Mining
20:24 Heavy Plow
21:03 Wheelbarrow
21:26 Pikeman
22:13 Squires
26:13 Forging
26:08 Scale Barding Armor
27:41 Stone Mining
29:29 Scale Mail Armor
30:05 Iron Casting
32:13 Scale Barding Armor
32:24 Chain Mail Armor
34:38 Fletching
34:29 Cavalier
36:16 Gold Shaft Mining
35:54 Fortified Wall
36:29 Burgundian Vineyards
39:55 Chain Barding Armor
46:58 Stone Shaft Mining
49:53 Hand Cart
RHT.El sanjuaniño
6:10 Loom
10:54 Feudal Age
13:12 Feudal Age
14:03 Double-Bit Axe
14:00 Horse Collar
18:03 Castle Age
19:16 Heavy Plow
19:28 Bow Saw
22:33 Town Watch
23:06 Pikeman
24:24 Forging
25:08 Squires
25:45 Iron Casting
27:02 Wheelbarrow
26:22 Fletching
28:55 Hand Cart
29:02 Scale Barding Armor
29:01 Scale Mail Armor
33:45 Chain Barding Armor
34:57 Bloodlines
35:06 Chain Mail Armor
36:10 Husbandry
39:16 Elite Skirmisher
40:42 Parthian Tactics
43:08 Town Patrol
55:37 Imperial Age
RHT.patriotaSJ
1:04 Loom
2:04 Loom
10:45 Feudal Age
18:51 Castle Age
17:23 Horse Collar
18:22 Forging
18:20 Double-Bit Axe
20:49 Bow Saw
21:26 Heavy Plow
30:01 Imperial Age
27:21 Town Watch
28:54 Wheelbarrow
28:21 Fletching
28:32 Scale Mail Armor
28:51 Arson
29:42 Town Patrol
30:15 Circumnavigation
31:08 Iron Casting
31:46 Hand Cart
32:34 Two-Man Saw
33:02 Chemistry
33:16 Murder Holes
42:20 Crop Rotation
41:56 Man-at-Arms
42:21 Gambesons
42:30 Long Swordsman
43:30 Chain Mail Armor
43:21 Two-Handed Swordsman
44:49 Plate Mail Armor
45:20 Blast Furnace
45:11 Champion
46:53 Bodkin Arrow
51:27 Padded Archer Armor
54:23 Capped Ram
56:48 Bracer
RHT.Not_Zorrito
11:11 Feudal Age
10:40 Loom
15:12 Castle Age
13:40 Double-Bit Axe
16:29 Bow Saw
24:17 Fletching
26:25 Murder Holes
28:41 Pikeman
29:25 Scale Mail Armor
32:57 Forging
38:44 Imperial Age
39:19 Halberdier
40:17 Chain Mail Armor
41:11 Wheelbarrow
42:12 Chemistry
42:41 Arson
44:10 Plate Mail Armor
45:21 Iron Casting
45:04 Squires
45:44 Hand Cart
48:26 Blast Furnace
50:06 Two-Man Saw
48:50 Horse Collar
50:29 Bodkin Arrow
51:28 Bracer
51:29 Padded Archer Armor
51:53 Ballistics
51:36 Elite Skirmisher
53:16 Leather Archer Armor
Connection lost

Rejoining the realm…

Still unreachable

The connection could not be restored.

Session expired

The server has moved on; the page needs a fresh start.